Map: Proxima Station LE

Players

niceUsername

  • Race: Terran Terran
  • Spawn Location: 7:00

Caliber - Winner!

  • Race: Protoss Protoss
  • Spawn Location: 1:00

Event: WCS Austin 2017

VOD

Have the link to the VOD?

Description

Time

  • Played on: April 28, 2017, 3:09 p.m.
  • Length: 6:42

All games in this series

Show
View Real Time Build Order
Export as new Build Order

niceUsername Terran 

Build Orders:  

Get SALT Encoding   

  12  0:00  SCV  
  13  0:12  SCV  
  14  0:17  Supply Depot  
  14  0:24  SCV  
  15  0:39  Barracks, SCV  
  16  0:51  SCV  
  17  1:03  SCV  
  18  1:15  SCV  
  19  1:30  SCV  
  20  1:42  SCV  
  21  1:48  Marine  
  21  2:05  SCV  
  22  2:08  Command Center  
  22  2:11  Barracks  
  22  2:17  SCV  
  23  2:45  Barracks  
  21  3:08  Marine  
  22  3:51  Marine x3  
  25  3:57  SCV x2  
  27  4:09  Marine x2  
  28  4:10  Marine  
  28  4:11  SCV  
  30  4:22  SCV  
  30  4:26  Marine  
  30  4:27  Marine  
  32  4:36  SCV  
  29  4:47  Marine x3  
  30  4:55  SCV  
  31  5:05  Marine x3  
  33  5:10  Orbital Command  
  30  5:32  Marine x3, SCV  
  31  5:41  Bunker  
  26  5:44  SCV  
  26  5:49  Marine x2  
  27  5:51  SCV  
  27  5:55  Marine  
  31  5:58  Orbital Command  
  31  6:02  Refinery  
  30  6:07  Marine x2, SCV  
  31  6:13  Marine  
  31  6:19  SCV  
Show
View Real Time Build Order
Export as new Build Order

Caliber Protoss - Winner!

Build Orders: Cannon Rush 

Get SALT Encoding   

  12  0:00  Probe (Chrono Boost)  
  13  0:12  Probe (Chrono Boost)  
  14  0:20  Pylon  
  14  0:23  Probe (Chrono Boost)  
  15  0:38  Probe (Chrono Boost)  
  15  0:40  Forge  
  16  0:48  Probe (Chrono Boost)  
  17  0:58  Pylon  
  16  1:16  Photon Cannon  
  16  1:20  Pylon  
  16  1:21  Pylon  
  16  1:26  Pylon  
  16  1:34  Pylon  
  16  1:41  Probe (Chrono Boost)  
  16  1:43  Gateway  
  17  1:52  Photon Cannon  
  17  1:56  Photon Cannon  
  17  2:00  Probe (Chrono Boost)  
  18  2:05  Assimilator  
  18  2:16  Probe (Chrono Boost)  
  18  2:20  Assimilator  
  19  2:28  Photon Cannon  
  19  2:37  Cybernetics Core  
  19  2:38  Probe (Chrono Boost)  
  20  2:47  Pylon  
  20  2:52  Probe (Chrono Boost)  
  21  3:02  Probe (Chrono Boost)  
  21  3:13  Probe (Chrono Boost)  
  21  3:15  Pylon  
  21  3:18  Stalker, Warp Gate  
  24  3:23  Probe (Chrono Boost)  
  27  3:34  Mothership Core (Chrono Boost)  
  26  3:44  Photon Cannon  
  26  3:47  Stalker  
  28  3:53  Probe (Chrono Boost)  
  29  4:07  Pylon  
  28  4:14  Stalker  
  30  4:40  Robotics Facility, Stalker  
  32  4:46  Pylon  
  33  4:54  Probe (Chrono Boost)  
  33  5:06  Stalker  
  33  5:12  Twilight Council, Gateway  
  35  5:15  Gateway  
  34  5:29  Probe (Chrono Boost)  
  35  5:47  Mothership Core (Chrono Boost)  
  36  6:01  Warp Prism  
  38  6:05  Dark Shrine  
  38  6:20  Nexus  
Tags
 
Add a new tag
Caveats
  • Supply blocks, unpowered buildings, or Contaminate may cause inaccurate times.
  • Supply counts are checked every 10 seconds.